Map: King's Cove LE

Players

seko - Winner!

  • Race: Zerg Zerg
  • League: Gold
  • Spawn Location: 5:00

TiPtOP

  • Race: Terran Terran
  • League: Silver
  • Spawn Location: 11:00

VOD

Have the link to the VOD?

Description

Time

  • Played on: Aug. 19, 2019, 7:11 p.m.
  • Length: 28:48
Show
View Real Time Build Order
Export as new Build Order

seko Zerg - Winner!

Build Orders: Pool First, Muta Ling Bane 

Get SALT Encoding   

  12  0:02  Drone  
  13  0:14  Overlord  
  13  0:21  Drone  
  14  0:39  Drone, Spawning Pool  
  14  0:58  Drone x3  
  17  1:15  Drone  
  18  1:22  Drone  
  19  1:26  Queen  
  19  1:32  Extractor  
  20  1:42  Hatchery  
  19  1:53  Drone  
  19  1:54  Drone  
  21  1:57  Overlord  
  21  2:05  Drone  
  22  2:15  Queen  
  24  2:18  Drone  
  25  2:26  Drone  
  26  2:37  Drone  
  27  2:45  Extractor  
  26  2:55  Queen  
  26  2:56  Drone  
  26  2:57  Drone x3  
  32  3:09  Drone x3  
  35  3:17  Spine Crawler  
  34  3:22  Drone x2  
  36  3:44  Overlord x2  
  36  3:45  Overlord x2  
  36  4:01  Spine Crawler  
  35  4:12  Drone x5  
  35  4:13  Drone  
  41  4:20  Drone x3  
  44  4:25  Extractor  
  44  4:26  Extractor  
  44  4:29  Lair  
  42  4:33  Roach Warren  
  41  4:39  Drone  
  41  4:40  Drone x4, Baneling Nest  
  45  4:47  Evolution Chamber  
  45  4:50  Evolution Chamber  
  43  4:57  Drone  
  43  4:58  Drone x5  
  49  5:06  Queen  
  51  5:23  Drone  
  51  5:24  Drone x3  
  55  5:32  Drone x5  
  60  5:43  Drone x4  
  64  5:51  Hatchery  
  63  6:01  Zerg Ground Armor Level 1, Zerg Missile Weapons Level 1  
  63  6:03  Roach  
  67  6:04  Roach  
  67  6:07  Overlord x2  
  67  6:09  Centrifical Hooks  
  67  6:10  Glial Reconstitution  
  67  6:29  Roach x8  
  83  6:40  Overseer  
  83  7:08  Spire  
  82  7:09  Roach  
  82  7:10  Roach x3  
  82  7:13  Overlord x8  
  90  7:28  Tunneling Claws  
  90  7:35  Drone x2  
  92  7:38  Drone x7  
  92  7:41  Extractor  
  92  7:42  Extractor  
  97  7:47  Roach  
  97  7:48  Roach x3  
  97  7:49  Ravager x10  
  97  7:50  Ravager  
  116  7:52  Ravager  
  116  7:55  Zergling x4  
  119  7:59  Zerg Missile Weapons Level 2  
  119  8:19  Drone x3  
  122  8:20  Drone  
  123  8:37  Baneling  
  123  8:38  Baneling x3  
  123  8:41  Mutalisk x2  
  123  8:42  Mutalisk x3  
  127  9:17  Mutalisk x5  
  127  9:18  Mutalisk  
  139  9:28  Mutalisk  
  139  9:29  Mutalisk  
  139  9:31  Zergling x8  
  147  9:48  Hatchery  
  146  9:55  Hatchery  
  146  9:57  Zergling x2  
  146  9:58  Zergling x10  
  131  10:25  Zergling x2  
  131  10:26  Zergling x12  
  132  10:38  Zergling x18  
  138  11:05  Overseer  
  138  11:18  Infestation Pit  
  137  11:19  Hydralisk Den  
  137  11:21  Zergling x12  
  137  11:22  Zergling x6  
  139  11:33  Nydus Network  
  129  11:40  Zergling x2  
  129  11:41  Zergling x4  
  127  12:02  Baneling  
  127  12:03  Baneling x22  
  127  12:04  Baneling x10  
  127  12:05  Zergling x14  
  134  12:13  Hive  
  134  12:15  Zerg Ground Armor Level 2  
  134  12:16  Zerg Melee Weapons Level 1  
  134  12:18  Zerg Flyer Weapons Level 1  
  134  12:20  Zergling x2  
  134  12:21  Zergling x20  
  145  12:34  Overlord  
  145  12:35  Overlord x4  
  131  13:10  Hydralisk  
  131  13:11  Hydralisk x19  
  150  13:24  Zergling x10  
  131  13:46  Mutalisk x7  
  144  13:52  Zergling x8  
  148  14:07  Drone  
  148  14:08  Drone x8  
  157  14:10  Overlord  
  157  14:15  Hatchery  
  157  14:16  Baneling  
  156  14:17  Baneling x9  
  156  14:21  Greater Spire  
  156  14:22  Hatchery  
  156  14:23  Zerg Missile Weapons Level 3  
  155  14:29  Hatchery  
  155  14:30  Drone x9  
  155  14:31  Zerg Melee Weapons Level 2  
  163  14:34  Extractor  
  163  14:35  Extractor  
  161  14:44  Zergling x2  
  161  14:45  Roach x5  
  160  15:06  Zergling x2  
  159  15:07  Zergling x20  
  159  15:08  Roach  
  171  15:36  Drone  
  171  15:37  Drone  
  171  15:39  Ultralisk Cavern  
  171  15:41  Baneling x8  
  171  15:42  Baneling x2  
  172  15:45  Roach x3  
  172  15:46  Roach x10  
  198  16:06  Mutalisk  
  198  16:13  Ravager  
  192  16:30  Mutalisk x3  
  192  16:31  Mutalisk x2  
  142  16:33  Roach  
  142  16:34  Roach x13  
  142  16:35  Roach x5  
  133  16:47  Ravager  
  133  16:48  Baneling  
  133  16:49  Baneling x6  
  133  16:50  Zergling x2  
  133  16:51  Zergling x14  
  142  17:12  Ultralisk x3  
  142  17:13  Ultralisk x2  
  172  17:16  Roach x4  
  172  17:21  Ravager  
  172  17:22  Ravager x4  
  185  17:38  Zergling x16  
  185  17:39  Zergling x8  
  185  17:41  Baneling  
  185  17:42  Baneling x5  
  185  17:43  Baneling  
  164  18:00  Extractor  
  164  18:02  Extractor  
  129  18:08  Zergling x2  
  129  18:09  Roach  
  129  18:10  Roach x10  
  151  18:18  Zergling x2  
  151  18:19  Roach  
  141  18:20  Zergling x2, Roach x2  
  134  18:33  Roach x6  
  136  18:41  Zergling x4  
  136  18:42  Zergling x8  
  122  18:49  Ravager  
  122  18:50  Ravager x5  
  122  18:52  Ravager  
  122  18:53  Ravager x3  
  132  19:01  Drone x2  
  134  19:22  Ravager x4  
  134  19:23  Ravager  
  139  19:24  Baneling  
  139  19:25  Baneling x3, Extractor x2  
  139  19:26  Zergling x6  
  139  19:27  Zergling x14  
  147  19:33  Extractor  
  144  20:06  Ultralisk  
  159  20:07  Ultralisk x2  
  159  20:26  Burrow  
  159  20:36  Drone x10  
  165  21:10  Drone x8  
  165  21:11  Drone x3  
  164  21:56  Hatchery  
  163  22:01  Ultralisk x2  
  163  22:02  Ultralisk x2  
  186  22:23  Hatchery  
  185  22:42  Ultralisk x2  
  131  23:19  Ultralisk x4  
  157  23:20  Ultralisk x4  
  151  23:42  Roach  
  151  23:43  Roach x14  
  151  23:44  Roach x4  
  177  24:13  Roach  
  177  24:14  Roach x7  
  193  24:19  Ravager  
  193  24:20  Ravager x4  
  171  24:51  Zergling x2  
  171  24:52  Zergling x32  
  157  24:53  Zergling x20  
  163  25:09  Ravager  
  163  25:11  Ravager  
  163  25:12  Ravager x7  
  172  25:26  Baneling x2  
  172  25:27  Baneling x10  
  170  25:55  Zergling x2  
  170  25:56  Zergling x34  
  170  25:57  Zergling x24  
  200  26:13  Extractor  
  187  27:24  Zergling x2  
  187  27:25  Zergling x20  
  187  27:26  Zergling x20  
  187  27:27  Zergling x18  
  151  27:43  Zergling x2  
  151  27:44  Zergling x18  
  155  28:01  Zergling x2  
  155  28:02  Zergling x24  
  155  28:03  Zergling x14  
  195  28:14  Roach x2  
  195  28:15  Roach  
  197  28:30  Zergling x2  
  197  28:31  Zergling x26  
Show
View Real Time Build Order
Export as new Build Order

TiPtOP Terran 

Build Orders: 2 Factory, Mech 

Get SALT Encoding   

  12  0:01  SCV  
  13  0:13  SCV  
  14  0:21  Supply Depot  
  14  0:25  SCV  
  16  0:42  SCV  
  16  0:44  Barracks  
  16  0:55  SCV  
  17  1:04  Supply Depot  
  17  1:07  SCV  
  18  1:14  Refinery  
  18  1:19  SCV  
  19  1:46  Orbital Command  
  19  1:52  Command Center  
  19  1:58  Marine  
  20  2:30  Barracks Tech Lab  
  20  2:32  SCV  
  21  2:39  Factory  
  21  2:42  Refinery  
  21  2:44  SCV  
  22  3:02  Bunker, SCV  
  23  3:12  Engineering Bay  
  23  3:22  Factory  
  23  3:46  Siege Tank  
  26  3:55  Orbital Command  
  26  3:59  SCV  
  27  4:11  SCV  
  27  4:13  Missile Turret  
  27  4:15  Armory  
  27  4:16  Factory Reactor  
  28  4:32  SCV  
  28  4:36  SCV  
  30  4:44  SCV  
  31  4:48  SCV  
  31  4:50  Factory  
  32  4:56  SCV  
  37  5:00  Hellion x2, SCV  
  37  5:03  Siege Tank  
  41  5:25  SCV x2  
  43  5:33  Terran Vehicle Weapons Level 1  
  43  5:37  SCV  
  43  5:41  Missile Turret  
  44  5:48  Hellion  
  46  5:58  Supply Depot  
  46  6:01  Supply Depot  
  46  6:09  Supply Depot  
  46  6:11  Refinery  
  46  6:19  Siege Tank, SCV x2  
  46  6:20  Hellion  
  53  6:31  SCV x2  
  53  6:32  Factory Tech Lab, Supply Depot  
  55  6:39  Supply Depot  
  55  6:43  Refinery, SCV x2  
  57  6:56  SCV x2  
  59  7:08  SCV x2  
  61  7:13  Thor x2  
  73  7:21  Supply Depot  
  73  7:22  Supply Depot  
  73  7:25  Supply Depot  
  73  7:27  Armory  
  73  7:29  SCV  
  75  7:30  SCV  
  75  7:39  Command Center  
  75  7:40  Terran Vehicle Weapons Level 2  
  75  7:41  SCV  
  75  7:43  SCV  
  77  7:54  SCV, Hellbat x2  
  77  7:55  SCV  
  77  7:56  Thor x2  
  95  8:15  Hellbat  
  97  8:29  Supply Depot x2  
  97  8:31  Supply Depot  
  97  8:54  Command Center  
  97  9:00  Command Center  
  97  9:13  Factory, Terran Vehicle And Ship Armor Level 1  
  97  9:14  Factory  
  97  9:15  Factory  
  95  9:51  Siege Tank  
  95  9:52  Thor  
  98  9:53  Hellbat x2  
  108  10:02  Orbital Command  
  108  10:15  Hellbat  
  110  10:23  Thor  
  116  10:49  Refinery  
  116  10:51  Factory Reactor, Factory Tech Lab x2  
  116  10:54  Hellbat x3  
  122  11:05  Thor  
  128  11:15  Thor  
  112  11:48  Thor  
  112  11:53  Thor x2  
  132  11:54  Hellbat x3  
  132  11:58  Thor  
  142  12:31  Thor  
  142  12:36  Refinery  
  148  12:53  Hellbat x4  
  96  13:42  Hellbat x4  
  104  13:55  Siege Tank x2  
  110  13:56  Hellbat x2  
  110  13:57  Orbital Command  
  114  14:03  Hellbat  
  114  14:06  Hellbat x2  
  114  14:07  Hellbat  
  122  14:17  Thor x2  
  134  14:24  Hellbat  
  134  14:28  Orbital Command  
  136  14:32  Siege Tank  
  136  14:33  Siege Tank, Hellion  
  136  14:34  Hellbat x2  
  136  14:37  Infernal Pre-Igniter  
  148  14:39  Smart Servos  
  148  14:41  Terran Vehicle And Ship Armor Level 2  
  148  14:46  Hellbat  
  148  14:47  Neosteel Armor  
  148  14:59  Thor x2  
  140  15:04  Thor  
  158  15:18  SCV x3  
  158  15:19  SCV  
  162  15:30  SCV x2  
  164  16:06  Command Center  
  164  16:09  Refinery  
  164  16:10  Refinery  
  164  16:12  Supply Depot  
  164  16:14  Supply Depot  
  164  16:18  Supply Depot  
  164  16:19  Supply Depot  
  164  16:24  Supply Depot  
  164  16:27  Hellbat x3  
  164  16:28  Thor x2, Hellbat  
  142  16:38  Hellbat x2  
  112  16:48  Hellbat x2  
  112  16:49  Hellbat x2  
  120  16:59  Thor  
  120  17:00  Hellbat  
  128  17:14  SCV x4  
  132  17:34  Hellbat x2  
  132  17:35  Hellbat  
  138  17:53  Hellbat x3  
  98  18:10  Hellbat  
  98  18:11  Hellbat x2  
  93  18:16  Thor, Hellbat x4  
  89  18:37  Thor x3  
  89  18:39  Hellbat x2  
  101  18:43  Hellbat x2  
  102  18:59  Hellbat  
  102  19:01  Hellbat  
  106  19:13  Hellbat  
  106  19:14  Hellbat x2  
  112  19:31  Refinery  
  112  19:32  Command Center  
  112  19:33  Refinery  
  112  19:39  Planetary Fortress  
  103  20:10  Orbital Command  
  103  20:13  Thor, Hellbat  
  103  20:14  Hellbat x2  
  115  20:30  Hi-Sec Auto Tracking  
  115  20:33  Refinery  
  115  20:34  Refinery  
  109  20:55  Orbital Command  
  79  21:49  Siege Tank x4  
  79  21:50  Hellbat x2  
  95  22:00  Orbital Command  
  95  22:11  Hellbat  
  95  22:12  Hellbat  
  99  22:21  Thor, Hellbat x2  
  81  23:15  Orbital Command  
  76  23:46  Orbital Command  
  76  24:04  Orbital Command  
  76  24:09  Hellbat  
  84  24:10  Thor, Hellbat x3  
  47  24:49  Hellbat x5  
  39  24:57  Hellbat  
  39  24:58  Hellbat  
  35  25:11  Siege Tank x2  
  41  25:58  Siege Tank x3  
  50  26:34  Hellion x3  
  50  26:57  Orbital Command  
  22  27:34  Hellbat x5  
  25  27:41  Orbital Command  
  25  27:43  Hellbat x2  
  25  27:44  Hellbat  
  21  27:55  Hellbat  
  23  28:05  Hellbat x2  
Tags
 
Add a new tag
Caveats
  • Supply blocks, unpowered buildings, or Contaminate may cause inaccurate times.
  • Supply counts are checked every 10 seconds.